Map: Equilibrium LE

Players

AngDorjee

  • Race: Zerg Zerg
  • Spawn Location: 11:00

Subwayeatn - Winner!

  • Race: Zerg Zerg
  • League: Gold
  • Spawn Location: 1:00

VOD

Have the link to the VOD?

Description

Time

  • Played on: Oct. 19, 2023, 2:29 p.m.
  • Length: 8:20
Show
View Real Time Build Order
Export as new Build Order

AngDorjee Zerg 

Build Orders: Hatch First 

Get SALT Encoding   

  12  0:05  Drone  
  13  0:13  Drone  
  14  0:19  Overlord  
  14  0:45  Drone  
  14  0:47  Hatchery  
  14  0:53  Drone x2  
  16  1:10  Spawning Pool  
  15  1:13  Drone  
  16  1:27  Extractor  
  16  1:28  Drone x2  
  17  1:36  Drone  
  18  1:46  Drone  
  19  1:57  Queen  
  19  1:59  Zergling x2  
  22  2:02  Queen  
  22  2:03  Drone  
  25  2:22  Extractor, Drone x2  
  26  2:30  Zergling x4  
  26  2:31  Overlord  
  28  2:52  Drone  
  28  2:53  Drone  
  28  2:54  Drone  
  31  3:04  Overlord  
  31  3:05  Overlord  
  31  3:25  Queen  
  33  3:28  Drone x4  
  33  3:31  Lair  
  33  3:34  Zergling x8  
  41  3:37  Metabolic Boost  
  41  3:42  Evolution Chamber  
  41  3:44  Evolution Chamber  
  39  4:16  Roach Warren, Hatchery  
  38  4:17  Drone x6  
  43  4:42  Overlord  
  43  4:43  Overlord  
  43  5:00  Queen  
  45  5:09  Extractor  
  45  5:10  Drone x6  
  50  5:16  Roach x3  
  56  5:22  Spire  
  55  5:28  Queen  
  57  5:39  Drone x2  
  57  5:42  Overlord x2  
  59  5:47  Roach x3  
  65  5:51  Zerg Melee Weapons Level 1  
  65  5:52  Zerg Missile Weapons Level 1  
  65  6:07  Extractor  
  65  6:11  Roach x3  
  70  6:14  Drone x3  
  73  6:34  Spore Crawler  
  73  6:38  Drone x2  
  74  7:00  Mutalisk x4  
  78  7:46  Overlord x4  
  78  7:47  Overlord x2  
Show
View Real Time Build Order
Export as new Build Order

Subwayeatn Zerg - Winner!

Build Orders: Hatch First 

Get SALT Encoding   

  12  0:00  Drone  
  13  0:12  Overlord  
  13  0:20  Drone  
  14  0:32  Drone x2  
  16  0:49  Hatchery  
  15  0:52  Drone  
  15  0:56  Drone  
  17  0:59  Drone  
  17  1:03  Extractor  
  17  1:20  Spawning Pool  
  17  1:22  Drone  
  17  1:24  Drone  
  18  1:31  Drone  
  19  1:38  Drone  
  20  1:50  Overlord  
  20  2:09  Queen  
  20  2:10  Queen  
  20  2:13  Zergling x6  
  27  2:17  Metabolic Boost  
  27  3:01  Drone x6  
  33  3:05  Hatchery  
  33  3:12  Overlord  
  32  3:21  Drone x2  
  32  3:22  Baneling Nest  
  33  3:34  Overlord  
  33  3:35  Drone x4  
  33  3:39  Extractor  
  33  3:40  Extractor  
  34  4:01  Drone x3  
  34  4:02  Drone x3  
  40  4:05  Lair  
  40  4:07  Overlord  
  39  4:28  Drone x4  
  39  4:30  Drone x3  
  45  4:36  Queen  
  45  4:38  Overlord  
  47  4:43  Zergling x8  
  47  4:44  Zergling x6  
  54  4:53  Evolution Chamber  
  54  4:54  Drone  
  54  4:55  Drone x2  
  56  5:06  Drone  
  57  5:07  Spire  
  57  5:12  Drone x3  
  59  5:14  Extractor  
  59  5:15  Drone x2  
  59  5:19  Zerg Ground Armor Level 1  
  60  5:21  Overlord  
  60  5:24  Overlord  
  60  5:25  Zergling x2  
  62  5:42  Drone  
  62  5:45  Zergling x8  
  66  6:03  Overseer  
  66  6:15  Overlord  
  66  6:17  Zergling x8  
  66  6:18  Zergling x8  
  73  6:19  Zergling x2  
  73  6:20  Mutalisk  
  73  6:21  Mutalisk x6  
  89  6:26  Overlord  
  89  6:42  Mutalisk x3  
  95  6:48  Zergling x2  
  95  6:52  Zergling x2  
  97  6:57  Mutalisk x2, Extractor  
  97  6:58  Extractor  
  97  7:00  Overlord x2  
  99  7:10  Zergling x2  
  99  7:11  Zergling x12  
  106  7:46  Mutalisk  
  106  7:47  Mutalisk x4  
Tags
 
League
Gold
Matchup
ZvZ
Race
Zerg
Replay Pack
Multiplayer
Spawn Locations
Close Positions
Add a new tag
Caveats
  • Supply blocks, unpowered buildings, or Contaminate may cause inaccurate times.
  • Supply counts are checked every 10 seconds.